 Dungeon Crawl Stone Soup version 0.28-a0-957-g42eb19b844 (webtiles) character file.

Game seed: 5333266301899103162

177 kae the Distorting Demonspawn (level 5, 0/42 HPs)
             Began as a Demonspawn Abyssal Knight on Nov 30, 2021.
             Was a Believer of Lugonu.
             Succumbed to a scorpion's poison
             ... on level 4 of the Dungeon.
             The game lasted 00:02:05 (3850 turns).

kae the Distorting Demonspawn (DsAK)                Turns: 3850, Time: 00:02:05

Health: 0/42       AC:  8    Str: 15    XL:     5   Next: 30%
Magic:  8/8        EV:  9    Int: 11    God:    Lugonu [**....]
Gold:   98         SH:  0    Dex: 20    Spells: 4/4 levels left

rFire   + . .      SeeInvis .   a - +1 mace
rCold   . . .      Faith    .   (no shield)
rNeg    . . .      Spirit   .   r - +0 scale mail
rPois   .          Reflect  .   (no helmet)
rElec   .          Harm     .   (no cloak)
rCorr   .          Rampage  .   (no gloves)
Will    .....                   (no boots)
Stlth   ..........              (no amulet)
HPRegen 0.14/turn               m - +6 ring of dexterity
MPRegen 0.11/turn               f - ring of protection from fire

@: mighty, brilliant, lethally poisoned (0 -> -2), attractive
A: hooves 1, yellow scales 1, powered by pain 2
a: Renounce Religion, Depart the Abyss, Bend Space


You were on level 4 of the Dungeon.
You worshipped Lugonu.
Lugonu was pleased with you.
You visited 1 branch of the dungeon, and saw 4 of its levels.
You visited the Abyss 1 time.

You collected 98 gold pieces.

Inventory:

Hand Weapons
 a - a +1 mace (weapon)
Armour
 b - a +0 leather armour
 r - a +0 scale mail (worn)
Jewellery
 f - a ring of protection from fire (right hand)
 m - a +6 ring of dexterity (left hand)
 q - an amulet of faith
Scrolls
 c - a scroll of identify {unknown}
 h - a scroll of silence {unknown}
 k - a scroll of noise {unknown}
 l - a scroll of torment {unknown}
 n - a scroll of immolation {unknown}
Potions
 d - a potion of flight {unknown}
 e - 3 potions of attraction
 g - a potion of haste {unknown}
 i - a potion of might
 j - a potion of brilliance
 o - a potion of heal wounds {unknown}
 p - a potion of curing {unknown}


   Skills:
 + Level 3.9 Fighting
 * Level 3.8 Maces & Flails
 - Level 1.7 Armour
 - Level 0.8 Dodging
 + Level 4.1 Invocations


You had 4 spell levels left.
You didn't know any spells.
Your spell library contained the following spells:

 Spells                   Type           Power      Damage    Failure   Level
 Beastly Appendage        Tmut           0%         N/A       80%         1
 Wereblood                Tmut           0%         N/A       91%         2
 Spider Form              Tmut/Pois      0%         N/A       99%         3
 Summon Guardian Golem    Hex/Summ       0%         N/A       99%         3
 Orb of Destruction       Conj           0%         N/A       100%        7
 Spellforged Servitor     Conj/Summ      0%         N/A       100%        7


Dungeon Overview and Level Annotations

Branches:
Dungeon (4/15)
 Temple: D:4-7

Altars:


Innate Abilities, Weirdness & Mutations

You have large cloven feet.
You are partially covered in yellow scales. (AC +2)
You sometimes gain power by taking damage.


Message History

The scorpion is lightly wounded.
The scorpion barely misses you.
You hit the scorpion.
The scorpion is moderately wounded.
The scorpion misses you. The scorpion stings you!
You hit the scorpion but do no damage.
You kick the scorpion, but do no damage.
The scorpion is moderately wounded.
The scorpion stings you.
You are poisoned.
The scorpion poisons you!
You are too injured to fight recklessly!
You are too injured to fight recklessly!
You are too injured to fight recklessly!
You are too injured to fight recklessly!
You are too injured to fight recklessly!
You closely miss the scorpion.
You kick the scorpion, but do no damage.
The scorpion is moderately wounded.
You feel very sick. The scorpion stings you. The scorpion stings you!
You hit the scorpion. You kick the scorpion.
The scorpion is heavily wounded.
You feel sick. The scorpion barely misses you.
You barely miss the scorpion.
The scorpion is heavily wounded.
You feel sick. The scorpion stings you.
* * * LOW HITPOINT WARNING * * *
The scorpion stings you but does no damage.
It was a potion of attraction.
You feel attractive to monsters.
You feel sick. The scorpion stings you.
* * * LOW HITPOINT WARNING * * *
It was a potion of brilliance.
You feel clever all of a sudden.
* * * LOW HITPOINT WARNING * * *
You feel sick. The scorpion closely misses you.
It was a potion of might.
You feel very mighty all of a sudden.
You die...

#####
+...+
#...#
#...#
#...#
#..s# #.@#
#..# .....
.......#
.........#
.........#
########+#


You could see a scorpion.

Vanquished Creatures
  An orc wizard (D:3)
  4 gnolls
  4 adders
  A worm (D:2)
  A dart slug (D:2)
  4 orcs
  10 endoplasms
  5 giant cockroaches
  5 goblins
  2 hobgoblins (D:2)
  3 jackals (D:3)
  3 quokkas
  5 ball pythons
  3 bats
  8 kobolds
  7 rats
66 creatures vanquished.

Notes
Turn   | Place    | Note
-------+----------+-------------------------------------------
     0 | Abyss:1  | kae the Demonspawn Abyssal Knight began the quest for the
                  | Orb.
     0 | Abyss:1  | Reached XP level 1. HP: 18/18 MP: 2/2
    21 | D:1      | Escaped the Abyss
   534 | D:1      | Gained mutation: You are partially covered in yellow
                  | scales. (AC +2) [demonic ancestry]
   534 | D:1      | Reached XP level 2. HP: 24/24 MP: 4/4
   635 | D:1      | You fall into a shaft and drop 1 floor!
   877 | D:1      | Reached skill level 3 in Invocations
  1132 | D:2      | Gained mutation: You sometimes gain a little power by
                  | taking damage. [demonic ancestry]
  1132 | D:2      | Reached XP level 3. HP: 19/29 MP: 5/5
  1549 | D:2      | Found a faded altar of an unknown god.
  1595 | D:2      | Reached ** piety under Lugonu
  2128 | D:3      | Gained mutation: You sometimes gain power by taking damage.
                  | [demonic ancestry]
  2128 | D:3      | Reached XP level 4. HP: 16/35 MP: 6/6
  3293 | D:3      | Reached skill level 4 in Invocations
  3293 | D:3      | Gained mutation: You have large cloven feet. [demonic
                  | ancestry]
  3293 | D:3      | Reached XP level 5. HP: 22/42 MP: 6/8
  3848 | D:4      | HP: 1/42 [scorpion (4)]
  3850 | D:4      | Succumbed to a scorpion's poison

Illustrated notes

Levels and vault maps discovered:
D:1:      denvon_arrival_planthouse, layout_loops_cross
D:2:      layout_basic, hellmonk_ecumenical_altar_leap_of_faith
D:3:      layout_rooms
D:4:      layout_gridville, uniq_ijyb, uniq_edmund

Skill      XL: |  1  2  3  4 |
---------------+-------------+-----
Maces & Flails | 2 3 |  3.8
Invocations    | 3 4 |  4.1
Fighting       | |  3.9
Armour         | |  1.7
Dodging        | |  0.8

Action                   |  1- 3 |  4- 6 || total
-------------------------+-------+-------++-------
Melee: Mace              |   126 |   110 ||   236
       Kick              |       |    19 ||    19
  Use: Potion            |       |     3 ||     3
 Stab: Sleeping          |       |     3 ||     3
Armor: Leather armour    |    42 |    31 ||    73
       Scale mail        |       |     3 ||     3
Dodge: Dodged            |    95 |    69 ||   164

Table legend: (Time is in decaauts)
 A = Elapsed time spent in this place.
 B = Non-inter-level travel time spent in this place.
 C = Inter-level travel time spent in this place.
 D = Time resting spent in this place.
 E = Time spent auto-exploring this place.
 F = Levels seen in this place.
 G = Mean time per level.
                   A        B        C        D        E       F      G
               +--------+--------+--------+--------+--------+-----+--------+
         Total |   3912 |   3805 |    107 |   1061 |   2109 |   5 |  782.4 |
       Dungeon |   3891 |   3784 |    107 |   1061 |   2095 |   4 |  972.8 |
         Abyss |     21 |     21 |      0 |      0 |     14 |   1 |   21.0 |
               +--------+--------+--------+--------+--------+-----+--------+

Top non-repeatable levels by time:
     D:2: 1579 daAuts
     D:3: 1233 daAuts
     D:1: 1054 daAuts
     D:4: 23 daAuts
 Abyss:1: 21 daAuts
